 Dungeon Crawl Stone Soup version 0.20.2-3-g29329e0561 (webtiles) character file.

756 Alfie the Skirmisher (level 7, -9/61 HPs)
             Began as a Hill Orc Fighter on June 28, 2023.
             Mangled by Alfie's ghost (10 damage)
             ... on level 4 of the Dungeon.
             The game lasted 00:12:23 (3861 turns).

Alfie the Skirmisher (Hill Orc Fighter)             Turns: 3861, Time: 00:12:24

Health: -9/61      AC:  8    Str: 21    XL:     7   Next: 79%
Magic:  7/7        EV:  8    Int:  8    God:
Gold:   207        SH: 10    Dex: 10    Spells: 6/6 levels left

rFire    + . .     SeeInvis .   a - +0 rapier
rCold    . . .     Gourm    .   c - +0 shield
rNeg     . . .     Faith    .   b - +0 scale mail
rPois    .         Spirit   .   l - +0 helmet
rElec    .         Reflect  .   (no cloak)
rCorr    .         Harm     .   (no gloves)
MR       .....                  (no boots)
Stlth    ..........             (no amulet)
Regen    0.2/turn               k - ring of protection from fire
MPRegen  0.1/turn               (no ring)

@: very slow
A: no striking features
a: no special abilities


You were on level 4 of the Dungeon.
You were not hungry.

You visited 1 branch of the dungeon, and saw 4 of its levels.
You also visited: Sewer.

You collected 207 gold pieces.

Inventory:

Hand Weapons
 a - a +0 rapier (weapon)
Missiles
 m - 3 tomahawks (quivered)
Armour
 b - a +0 scale mail (worn)
 c - a +0 shield (worn)
 l - a +0 helmet (worn)
Jewellery
 k - a ring of protection from fire (left hand)
 x - an uncursed ring of resist corrosion
Wands
 n - a wand of clouds (1/9)
Scrolls
 d - a scroll of immolation {unknown}
 e - a scroll of amnesia {unknown}
 o - 3 scrolls of remove curse
 p - 3 scrolls of fog
 q - a scroll of recharging {unknown}
 t - a scroll of magic mapping {unknown}
 u - a scroll of blinking {unknown}
 y - 2 scrolls of teleportation
Potions
 i - a potion of curing {unknown}
 r - a potion of magic {unknown}
 s - a potion of resistance {unknown}
 v - 2 potions of agility
 w - a potion of mutation {unknown}
Books
 j - a book of Minor Magic

   Spells                             Type                      Level
   a - Magic Dart                     Conjuration                  1
   b - Blink                          Translocation                2
   c - Call Imp                       Summoning                    2
   d - Slow                           Hexes                        2
   e - Conjure Flame                  Conjuration/Fire             3
   f - Mephitic Cloud                 Conjuration/Poison/Air       3
Comestibles
 f - 2 bread rations
 g - a meat ration


   Skills:
 + Level 5.5 Fighting
 + Level 5.0 Short Blades
 + Level 5.2 Armour
 + Level 1.5 Dodging
 + Level 5.4 Shields
 + Level 0.2 Evocations


You had 6 spell levels left.
You didn't know any spells.

Dungeon Overview and Level Annotations

Branches:
Dungeon (4/15)
 Temple: D:4-7

Altars:
Dithmenos
Nemelex Xobeh

Annotations:
D:4 Alfie's ghost, amateur HOFi


Message History

Alfie's ghost is lightly damaged.
Alfie's ghost wails, "You will join me soon!"
Alfie's ghost hits you!
* * * LOW HITPOINT WARNING * * *
Your unstable footing causes you to fumble your attack.
Alfie's ghost hits you.
* * * LOW HITPOINT WARNING * * *
Your unstable footing causes you to fumble your attack.
Alfie's ghost hits you.
* * * LOW HITPOINT WARNING * * *
You closely miss Alfie's ghost.
Alfie's ghost is lightly damaged.
You block Alfie's ghost's attack.
You hit Alfie's ghost but do no damage.
Alfie's ghost is lightly damaged.
You block Alfie's ghost's attack.
You hit Alfie's ghost but do no damage.
Alfie's ghost is lightly damaged.
Alfie's ghost hits you!
You die...

#.≈≈≈....#
#.≈≈≈....#
#.≈≈≈....#
#.≈≈≈....#
#.≈≈≈..P.#
.≈≈≈....#
#O###≈≈....#
#######...#≈≈P...#
.....h#Ogg#≈@W...#
≈≈≈≈hh#####≈≈....#
≈≈≈≈≈≈≈≈≈≈≈≈≈....#
≈≈≈≈≈≈≈≈≈≈≈≈≈....#
............P....#
P................#
##################


You could see Alfie's ghost.

Vanquished Creatures
  Duvessa (D:4)
  The ghost of Alfie the Skirmisher, an amateur HOFi (D:3)
  A scorpion (D:3)
  Dowan (D:4)
  A hound (D:4)
  A centaur skeleton (D:4)
  An orc priest (D:4)
  A bullfrog skeleton (D:4)
  An iguana (D:4)
  Robin (D:2)
  A howler monkey skeleton (D:4)
  9 gnolls
  10 adders
  A river rat (D:3)
  2 oozes
  An adder skeleton (D:4)
  2 worms
  A dart slug (D:2)
  2 leopard geckos
  4 orcs
  7 ball pythons
  9 bats
  6 giant cockroaches
  15 goblins
  9 hobgoblins
  8 jackals
  12 frilled lizards
  5 kobolds
  A leopard gecko skeleton (D:4)
  18 rats
133 creatures vanquished.

Notes
Turn   | Place    | Note
-------+----------+-------------------------------------------
     0 | D:1      | Alfie the Hill Orc Fighter began the quest for the Orb.
     0 | D:1      | Reached XP level 1. HP: 19/19 MP: 1/1
   311 | D:1      | Reached XP level 2. HP: 25/27 MP: 2/2
   787 | D:2      | Reached XP level 3. HP: 33/33 MP: 3/3
   973 | D:2      | Found a shadowy altar of Dithmenos.
  1031 | D:2      | Reached XP level 4. HP: 15/40 MP: 4/4
  1182 | D:2      | Noticed Robin
  1237 | D:2      | Killed Robin
  1237 | D:2      | Reached skill level 1 in Dodging
  1799 | D:3      | Found a glowing drain.
  1822 | D:3      | Reached XP level 5. HP: 28/46 MP: 5/5
  1845 | Sewer    | Entered a sewer
  2176 | D:3      | Found a sparkling altar of Nemelex Xobeh.
  2640 | D:3      | Noticed Alfie's ghost (amateur HOFi)
  2658 | D:3      | Killed Alfie's ghost
  2658 | D:3      | Reached XP level 6. HP: 5/55 MP: 6/6
  2999 | D:3      | Reached skill level 5 in Fighting
  3103 | D:4      | HP: 2/56 [iguana (6)]
  3225 | D:4      | Reached XP level 7. HP: 35/61 MP: 7/7
  3365 | D:4      | Reached skill level 5 in Armour
  3433 | D:4      | Noticed Dowan
  3437 | D:4      | Noticed Duvessa
  3440 | D:4      | Killed Dowan
  3450 | D:4      | Killed Duvessa
  3450 | D:4      | Reached skill level 5 in Shields
  3519 | D:4      | Reached skill level 5 in Short Blades
  3816 | D:4      | Noticed Alfie's ghost (amateur HOFi)
  3858 | D:4      | HP: 1/61 [Alfie's ghost (6)]
  3861 | D:4      | Mangled by Alfie's ghost

Skill      XL: |  1  2  3  4  5  6  7 |
---------------+----------------------+-----
Fighting       | 4 5 |  5.5
Short Blades   | 3 4 5 |  5.0
Dodging        | 1 |  1.5
Armour         | 4 5 |  5.2
Shields        | 4 5 |  5.4
Evocations     | |  0.2

Action                   |  1- 3 |  4- 6 |  7- 9 || total
-------------------------+-------+-------+-------++-------
Melee: Rapier            |   107 |   364 |   130 ||   601
Evoke: Wand              |       |       |     1 ||     1
  Use: Scroll            |       |     8 |     1 ||     9
       Potion            |       |     6 |     2 ||     8
  Eat: Bread ration      |       |     2 |       ||     2
       Royal jelly       |       |     1 |       ||     1
Armor: Scale mail        |    59 |   167 |    41 ||   267
Dodge: Dodged            |    21 |   127 |    37 ||   185
Block: Shield            |    47 |   203 |    57 ||   307
